 Dungeon Crawl Stone Soup version 0.30-b1-2-g02819fbbbe (webtiles) character file.

Game seed: 7224108665395132085

502 RevX99 the Trooper (level 7, -1/61 HPs)
             Began as a Hill Orc Fighter on May 20, 2023.
             Slain by Prince Ribbit (8 damage)
             ... on level 5 of the Dungeon.
             The game lasted 00:28:49 (3454 turns).

RevX99 the Trooper (Hill Orc Fighter)               Turns: 3454, Time: 00:28:49

Health: -1/61      AC: 13    Str: 21    XL:     7   Next: 17%
Magic:  0/7        EV:  6    Int:  8    God:
Gold:   240        SH:  5    Dex: 10    Spells: 6/6 levels left

rFire   . . .        q - +2 war axe (heavy)
rCold   . . .        c - +0 buckler
rNeg    . . .        r - +0 plate armour
rPois   .            (no helmet)
rElec   .            (no cloak)
rCorr   .            i - +0 pair of gloves
SInv    .            (no boots)
Will    .....        h - amulet of guardian spirit Stlth
                     (no ring)
HPRegen 0.30/turn    (no ring)
MPRegen 0.10/turn

%: guardian spirit
@: no status effects
A: no striking features
a: no special abilities


You were on level 5 of the Dungeon.
You visited 1 branch of the dungeon, and saw 5 of its levels.

You collected 240 gold pieces.

Inventory:

Hand Weapons
 q - a +2 heavy war axe (weapon)
Missiles
 g - a throwing net
Armour
 c - a +0 buckler (worn)
 i - a +0 pair of gloves (worn)
 r - a +0 plate armour (worn)
Jewellery
 h - an amulet of guardian spirit (around neck)
Wands
 f - a wand of roots (9)
 n - a wand of digging (7)
Scrolls
 a - a scroll of brand weapon
 d - a scroll of fear (quivered)
 l - a scroll of identify
 t - a scroll of fog
Potions
 e - a potion of haste
 j - a potion of brilliance {unknown}
 k - a potion of curing {unknown}
 m - a potion of cancellation {unknown}
 o - 2 potions of attraction {unknown}
 p - a potion of mutation {unknown}


   Skills:
 + Level 5.6 Fighting
 + Level 5.4 Axes
 + Level 5.1 Armour
 + Level 5.2 Shields


You had 6 spell levels left.
You didn't know any spells.
Your spell library contained the following spells:

 Spells                   Type           Power      Damage    Failure   Level
 Magic Dart               Conj           0%         1d3       100%        1
 Dazzling Flash           Conj/Hex       0%         N/A       100%        3
 Gell's Gravitas          Tloc           0%         N/A       100%        3
 Teleport Other           Tloc           0%         N/A       100%        3
 Dispersal                Tloc           0%         N/A       100%        6
 Iron Shot                Conj/Erth      0%         9d1       100%        6
 Orb of Destruction       Conj           0%         9d5       100%        7


Dungeon Overview and Level Annotations

Branches:
Dungeon (5/15)
 Temple: D:4-7

Altars:

Shops:
D:1 ?

Annotations:
D:5 Grinder, Prince Ribbit


Message History

Press: ? - help, Shift-Dir - straight line, f - Grinder
Aim: Grinder (moderately wounded)
Okay, then.
Prince Ribbit hits you!
* * * LOW HITPOINT WARNING * * *
Prince Ribbit blinks!
Grinder gestures at you.
You suddenly lose the ability to move!
Grinder blinks!
Prince Ribbit hits you.
* * * LOW HITPOINT WARNING * * *
Grinder blinks!
Prince Ribbit blinks!
You can move again.
Prince Ribbit hops awkwardly around.
Grinder gestures at you. You resist with significant effort.
Aiming: Fastroot
Press: ? - help, Shift-Dir - straight line, f - Grinder
Aim: Grinder (moderately wounded)
The roots erupt in riotous growth!
Roots grab Prince Ribbit.
Roots grab Grinder.
The grasping roots constrict Grinder.
The grasping roots constrict Prince Ribbit.
Prince Ribbit struggles to escape constriction.
Grinder struggles to blink free from constriction.
Unknown command.
The grasping roots constrict Grinder.
The grasping roots constrict Prince Ribbit.
The roots release their grip on Prince Ribbit.
Grinder escapes!
Prince Ribbit croaks regally.
Prince Ribbit barely misses you.
You closely miss Prince Ribbit.
Prince Ribbit is moderately wounded.
You hear the slow rusting of a very distant drain.
Prince Ribbit hits you.
* * * LOW HITPOINT WARNING * * *
Prince Ribbit hits you but does no damage.
Prince Ribbit hits you!
You die...

###############
#....5........#
#F###########.# #.#
#######.########
###.#####@.............#
#......5F.#####.######.#
#.#.##########...###
#..........<.......#
#...#########....#.#
#.=.# #.#.##..# #...#
#.#.# ## #.... ....#
#...## ##....


You could see Prince Ribbit and Grinder.

Vanquished Creatures
  Menkaure (D:4)
  A scorpion (D:5)
  A hound (D:4)
  A jelly (D:4)
  Natasha (thrice) (D:2)
  An iguana (D:4)
  An orc wizard (D:3)
  4 adders
  2 worms
  A dart slug (D:3)
  3 orcs
  8 ball pythons
  9 endoplasms
  5 giant cockroaches
  7 goblins
  7 hobgoblins
  8 jackals
  2 quokkas (D:1)
  9 bats
  5 frilled lizards
  12 kobolds
  4 rats
95 creatures vanquished.

Notes
Turn   | Place    | Note
-------+----------+-------------------------------------------
     0 | D:1      | RevX99 the Hill Orc Fighter began the quest for the Orb.
     0 | D:1      | Reached XP level 1. HP: 19/19 MP: 1/1
   132 | D:1      | Reached XP level 2. HP: 12/27 MP: 2/2
   405 | D:1      | Reached XP level 3. HP: 30/33 MP: 3/3
   465 | D:1      | Got the Quarto of Attacks
   846 | D:1      | Found Dovvewn's Magic Scroll Emporium.
  1027 | D:2      | Found a faded altar of an unknown god.
  1238 | D:2      | Noticed Natasha
  1246 | D:2      | Killed Natasha
  1247 | D:2      | Reached XP level 4. HP: 39/41 MP: 2/4
  1439 | D:2      | Noticed Natasha
  1446 | D:2      | Killed Natasha
  1457 | D:2      | Noticed Natasha
  1469 | D:2      | Killed Natasha
  1470 | D:2      | Reached XP level 5. HP: 24/47 MP: 5/5
  2942 | D:4      | Noticed Menkaure
  2945 | D:4      | Killed Menkaure
  2946 | D:4      | Reached skill level 5 in Fighting
  2946 | D:4      | Reached skill level 5 in Axes
  2946 | D:4      | Reached XP level 6. HP: 56/56 MP: 6/6
  3089 | D:4      | Reached skill level 5 in Armour
  3089 | D:4      | Reached skill level 5 in Shields
  3090 | D:4      | Reached XP level 7. HP: 52/61 MP: 5/7
  3364 | D:5      | Entered Level 5 of the Dungeon
  3407 | D:5      | Noticed Prince Ribbit
  3408 | D:5      | Noticed Grinder
  3441 | D:5      | Paralysed by Grinder for 5 turns
  3454 | D:5      | Slain by Prince Ribbit

Illustrated notes

Levels and vault maps discovered:
D:1:      co_arrival_random_square_maze, layout_basic, serial_shops, shop,
          minmay_pentomino_t4
D:2:      layout_basic, hellmonk_ecumenical_altar_zigzags, uniq_natasha
D:3:      layout_loops_ring, minmay_misc_feat_diagonals
D:4:      layout_gridville, uniq_menkaure
D:5:      layout_loops_ring, gup_sewer_entry_spiral, uniq_eustachio,
          uniq_grinder, uniq_prince_ribbit1

Skill      XL: |  1  2  3  4  5  6 |
---------------+-------------------+-----
Axes           | 3 4 5 |  5.4
Fighting       | 4 5 |  5.6
Shields        | 4 5 |  5.2
Armour         | 4 5 |  5.1

Action                     |  1- 3 |  4- 6 |  7- 9 || total
---------------------------+-------+-------+-------++-------
  Melee: War axe           |   105 |    93 |    19 ||   217
  Evoke: Wand              |       |       |     1 ||     1
    Use: Scroll            |     3 |    12 |     1 ||    16
         Potion            |       |     1 |       ||     1
 Armour: Scale mail        |    57 |    15 |       ||    72
         Plate armour      |       |    60 |    11 ||    71
         Chain mail        |       |     4 |       ||     4
  Dodge: Dodged            |    73 |    41 |    10 ||   124
  Block: Buckler           |    24 |    27 |     5 ||    56
